 Dungeon Crawl Stone Soup version 0.28-a0-97-g102d6777a4 (webtiles) character file.

Game seed: 15935316268986919164

117 Rennog the Insei (level 5, -4/37 HPs)
             Began as a Djinni Transmuter on Aug 10, 2021.
             Was a Believer of Lugonu.
             Slain by a hornet zombie (10 damage)
             ... on level 5 of the Dungeon.
             The game lasted 00:05:49 (3599 turns).

Rennog the Insei (Djinni Transmuter)                Turns: 3599, Time: 00:05:49

Health: -4/37      AC:  2    Str:  9    XL:     5   Next: 22%
Gold:   113        EV: 19    Int: 15    God:    Lugonu [**....] SH:  0 Dex: 19

rFire   . . .      SeeInvis .     - Unarmed
rCold   . . .      Faith    .   (shield currently unavailable)
rNeg    . . .      Spirit   .   (armour currently unavailable)
rPois   ∞          Reflect  .   (helmet currently unavailable)
rElec   .          Harm     .   (cloak currently unavailable)
rCorr   .          Rampage  .   (gloves currently unavailable)
Will    .....                   (boots unavailable)
Stlth   ++........              (no amulet)
HPRegen 0.12/turn               (no ring)
MPRegen 0.00/turn               (no ring)

@: spider-form (expiring), flying
A: venomous fangs, flying, sickness immunity, tiny, (fire resistance 2), (cold
vulnerability 1), float, innate caster, hp casting, extra vitality 1
a: End Transformation, Renounce Religion, Depart the Abyss, Bend Space


You were on level 5 of the Dungeon.
You worshipped Lugonu.
Lugonu was pleased with you.
You were a venomous arachnid creature.
You visited 1 branch of the dungeon, and saw 4 of its levels.

You collected 113 gold pieces.

Inventory:

Armour
 a - a +0 robe (melded)
 k - a +0 cloak (melded)
 m - a +0 pair of gloves (melded)
Magical Staves
 e - a staff of cold
Jewellery
 f - a ring of fire
Scrolls
 b - 2 scrolls of teleportation {unknown}
 d - a scroll of magic mapping {unknown}
 g - a scroll of identify {unknown}
 h - a scroll of summoning {unknown}
 l - a scroll of amnesia {unknown}
 n - a scroll of enchant weapon {unknown}
Potions
 c - 2 potions of curing {unknown}
 i - a potion of lignification {unknown}
 j - 2 potions of attraction {unknown}


   Skills:
 - Level 1.6 Fighting
 - Level 2.1 Dodging
 - Level 3.6 Unarmed Combat
 * Level 3.3 Spellcasting


You couldn't memorise any spells.
You knew the following spells:

 Your Spells              Type           Power      Damage    Failure   Level
a - Beastly Appendage     Tmut           24%        N/A       14%         1
b - Wereblood             Tmut           12%        N/A       21%         2
c - Spider Form           Tmut/Pois      6%         N/A       34%         3
d - Ice Form              Ice/Tmut       12%        N/A       67%         4
e - Animate Skeleton      Necr           24%        N/A       14%         1
f - Searing Ray           Conj           24%        3d4       21%         2
Your spell library was empty.

Dungeon Overview and Level Annotations

Branches:
Dungeon (3/15)

Altars:
Qazlal
Lugonu


Innate Abilities, Weirdness & Mutations

You are a venomous arachnid creature.
You have poisonous fangs.
You are tiny and dextrous.
You are flying.
Your spellcasting is less reliable in this form.
Your armour is entirely melded.
You are incapable of wielding weapons or throwing items.
You are immune to sickness and miasma.
You are immune to poison.
((Your flesh is very heat resistant. (rF++)))
((You are vulnerable to cold. (rC-)))
You float through the air rather than walking.
You learn spells naturally, not from books.
Your magical power is your life essence.
You have superior vitality. (+4 HP)


Message History

You turn into a venomous arachnid creature.
Your +0 cloak melds into your body.
Your +0 pair of gloves melds into your body.
Your +0 robe melds into your body.
* * * LOW HITPOINT WARNING * * *
The hornet zombie hits you.
* * * LOW HITPOINT WARNING * * *
You hit the hornet zombie but do no damage.
The hornet zombie is lightly damaged.
The hornet zombie barely misses you.
You hit the hornet zombie.
The hornet zombie is lightly damaged.
The hornet zombie closely misses you. The hornet zombie hits you.
* * * LOW HITPOINT WARNING * * *
You hit the hornet zombie but do no damage.
The hornet zombie is lightly damaged.
The hornet zombie barely misses you.
You hit the hornet zombie but do no damage.
The hornet zombie is lightly damaged.
The hornet zombie barely misses you.
You hit the hornet zombie.
The hornet zombie is lightly damaged.
The hornet zombie completely misses you.
You hit the hornet zombie.
The hornet zombie is moderately damaged.
The hornet zombie closely misses you.
You hit the hornet zombie.
The hornet zombie is moderately damaged.
The hornet zombie misses you. x2
You hit the hornet zombie but do no damage.
The hornet zombie is moderately damaged.
Your transformation is almost over.
The hornet zombie completely misses you.
You hit the hornet zombie.
The hornet zombie is moderately damaged.
The hornet zombie hits you but does no damage.
You hit the hornet zombie.
The hornet zombie is heavily damaged.
The hornet zombie hits you!
You die...

..).. #.#
..... #.#
.....##.#
......#.#
.[....#.#
........#
....$#$.#
.... #..#
... ##s#
##
#Z.......
##....#..
....#
....#
....#
....#
...>#


You could see a hornet zombie.

Vanquished Creatures
  A hound (D:5)
  A hound zombie (D:5)
  2 adders (D:5)
  2 dart slugs
  6 orcs
  2 ball pythons
  3 endoplasms
  3 giant cockroaches
  4 hobgoblins
  6 jackals (D:1)
  2 kobolds
  2 bats
  2 frilled lizards
  5 goblins
  2 rats (D:1)
43 creatures vanquished.

Notes
Turn   | Place    | Note
-------+----------+-------------------------------------------
     0 | D:1      | Rennog the Djinni Transmuter began the quest for the Orb.
     0 | D:1      | Reached XP level 1. HP: 17/17 MP: 0/0
   617 | D:1      | Reached XP level 2. HP: 7/22 MP: 0/0
  1309 | D:1      | Reached XP level 3. HP: 20/27 MP: 0/0
  1309 | D:1      | Learned a level 1 spell: Animate Skeleton
  2077 | D:2      | Found a stormy altar of Qazlal.
  2273 | D:2      | Found a faded altar of an unknown god.
  2314 | D:2      | Became a worshipper of Lugonu the Unformed
  2314 | D:2      | Reached * piety under Lugonu
  2314 | D:2      | Reached ** piety under Lugonu
  2803 | D:3      | Reached XP level 4. HP: 19/32 MP: 0/0
  3232 | D:3      | You are sucked into a shaft and drop 2 floors!
  3232 | D:5      | Entered Level 5 of the Dungeon
  3337 | D:5      | Reached XP level 5. HP: 24/37 MP: 0/0
  3337 | D:5      | Learned a level 2 spell: Searing Ray
  3599 | D:5      | Slain by a hornet zombie

Illustrated notes

Levels and vault maps discovered:
D:1:      lordsloth_arrival_two_stooges, layout_loops_ring
D:2:      layout_basic, basic_altar, dilly_ecumenical_altar_fadedgnrine
D:3:      layout_basic, minmay_ogre_servants
D:5:      layout_basic

Skill      XL: |  1  2  3  4 |
---------------+-------------+-----
Spellcasting   | 2 3 |  3.3
Fighting       | |  1.6
Dodging        | |  2.1
Unarmed Combat | |  3.6

Action                   |  1- 3 |  4- 6 || total
-------------------------+-------+-------++-------
Melee: Unarmed           |   135 |    40 ||   175
       Headbutt          |    15 |     6 ||    21
       Punch             |     2 |       ||     2
 Cast: Beastly Appendage |    24 |     5 ||    29
       Wereblood         |     3 |       ||     3
       Searing Ray       |       |     2 ||     2
       Spider Form       |       |     1 ||     1
 Stab: Sleeping          |     2 |     1 ||     3
Armor: Robe              |    22 |    11 ||    33
       Skin              |       |     1 ||     1
Dodge: Dodged            |    91 |    25 ||   116

Table legend: (Time is in decaauts)
 A = Elapsed time spent in this place.
 B = Non-inter-level travel time spent in this place.
 C = Inter-level travel time spent in this place.
 D = Time resting spent in this place.
 E = Time spent auto-exploring this place.
 F = Levels seen in this place.
 G = Mean time per level.
                   A        B        C        D        E       F      G
               +--------+--------+--------+--------+--------+-----+--------+
         Total |   3587 |   3507 |     80 |      0 |   3155 |   4 |  896.8 |
       Dungeon |   3587 |   3507 |     80 |      0 |   3155 |   4 |  896.8 |
               +--------+--------+--------+--------+--------+-----+--------+

Top non-repeatable levels by time:
     D:1: 1792 daAuts
     D:2: 973 daAuts
     D:3: 456 daAuts
     D:5: 364 daAuts
